 Dungeon Crawl Stone Soup version 0.28-a0-1074-g3cb2360906 (webtiles) character file.

Game seed: 18011422830474362874

11 GenialerGandalf the Skirmisher (level 2, -2/27 HPs)
             Began as a Hill Orc Fighter on Dec 9, 2021.
             Slain by Terence (3 damage)
             ... on level 2 of the Dungeon.
             The game lasted 00:00:50 (216 turns).

GenialerGandalf the Skirmisher (Hill Orc Fighter)    Turns: 216, Time: 00:00:51

Health: -2/27      AC:  6    Str: 18    XL:     2   Next: 25%
Magic:  2/2        EV:  9    Int:  8    God:
Gold:   5          SH:  4    Dex: 10    Spells: 1/1 levels left

rFire   . . .      SeeInvis .   a - +0 war axe
rCold   . . .      Faith    .   c - +0 buckler
rNeg    . . .      Spirit   .   b - +0 scale mail
rPois   .          Reflect  .   (no helmet)
rElec   .          Harm     .   (no cloak)
rCorr   .          Rampage  .   (no gloves)
Will    .....                   (no boots)
Stlth   ..........              (no amulet)
HPRegen 0.09/turn               (no ring)
MPRegen 0.08/turn               (no ring)

@: no status effects
A: no striking features
a: no special abilities


You were on level 2 of the Dungeon.
You visited 1 branch of the dungeon, and saw 2 of its levels.

You collected 5 gold pieces.

Inventory:

Hand Weapons
 a - a +0 war axe (weapon)
Armour
 b - a +0 scale mail (worn)
 c - a +0 buckler (worn)
Scrolls
 e - 2 scrolls of blinking {unknown}
 g - a scroll of noise {unknown}
Potions
 d - 2 potions of might
 f - a potion of magic {unknown}


   Skills:
 + Level 4.0 Fighting
 + Level 2.9 Axes
 + Level 3.3 Armour
 + Level 3.5 Shields


You had one spell level left.
You didn't know any spells.
Your spell library was empty.

Dungeon Overview and Level Annotations

Branches:
Dungeon (2/15)

Altars:

Annotations:
D:2 Terence


Message History

The bat hits you but does no damage. The bat hits you but does no damage.
You block the endoplasm's attack.
You barely miss the endoplasm. You hit Terence. The endoplasm freezes you.
You are frozen.
Terence hits you with a +0 mace.
You slash the endoplasm!
You kill the endoplasm!
You closely miss Terence. The bat hits you but does no damage.
Terence hits you with a +0 mace. Terence barely misses you.
Found a stone staircase leading up.
The bat hits you but does no damage. Terence closely misses you.
Found 2 white potions.
The bat barely misses you. Terence completely misses you.
The bat hits you but does no damage. Terence says, "How do you enjoy it?"
You closely miss Terence.
Terence is lightly wounded.
You barely miss the bat. The bat closely misses you. x2
The bat hits you but does no damage. Terence closely misses you.
You block the bat's attack.
You hit Terence.
Terence is moderately wounded.
You miss the bat. The bat closely misses you. Terence closely misses you.
The bat closely misses you.
You barely miss Terence.
Terence is moderately wounded.
You slash the bat!
You kill the bat!
Terence hits you with a +0 mace!
Your Fighting skill increases to level 4!
You slash Terence!
Terence is severely wounded.
Terence hits you with a +0 mace.
* * * LOW HITPOINT WARNING * * *
Terence hits you with a +0 mace.
* * * LOW HITPOINT WARNING * * *
You hit Terence but do no damage.
Terence is severely wounded.
Terence hits you with a +0 mace.
You die...

###### #....#
#....# #<...#
#....# #.?..#
#....#
#.##.##@..[####
#......@.......
....!......####
........#.##
#######.#.#
#.#.# .<..# ###


You could see Terence.

Vanquished Creatures
  A ball python (D:1)
  2 bats
  2 endoplasms
  2 goblins (D:1)
  A hobgoblin (D:1)
  2 rats (D:1)
10 creatures vanquished.

Notes
Turn   | Place    | Note
-------+----------+-------------------------------------------
     0 | D:1      | GenialerGandalf the Hill Orc Fighter began the quest for
                  | the Orb.
     0 | D:1      | Reached XP level 1. HP: 19/19 MP: 1/1
   105 | D:1      | Reached XP level 2. HP: 21/27 MP: 2/2
   204 | D:2      | Noticed Terence
   215 | D:2      | Reached skill level 4 in Fighting
   215 | D:2      | HP: 1/27 [Terence (4)]
   216 | D:2      | Slain by Terence

Illustrated notes

Levels and vault maps discovered:
D:1:      mrwooster_arrival_statue_3, layout_basic
D:2:      layout_basic, uniq_terence, uniq_robin

Skill      XL: |  1  2 |
---------------+-------+-----
Fighting       | 4 |  4.0
Axes           | |  2.9
Armour         | |  3.3
Shields        | |  3.5

Action                   || total
-------------------------++-------
Melee: War axe           ||    28
Armor: Scale mail        ||    22
Dodge: Dodged            ||    23
Block: Buckler           ||    11

Table legend: (Time is in decaauts)
 A = Elapsed time spent in this place.
 B = Non-inter-level travel time spent in this place.
 C = Inter-level travel time spent in this place.
 D = Time resting spent in this place.
 E = Time spent auto-exploring this place.
 F = Levels seen in this place.
 G = Mean time per level.
                   A        B        C        D        E       F      G
               +--------+--------+--------+--------+--------+-----+--------+
         Total |    226 |    226 |      0 |      0 |      0 |   2 |  113.0 |
       Dungeon |    226 |    226 |      0 |      0 |      0 |   2 |  113.0 |
               +--------+--------+--------+--------+--------+-----+--------+

Top non-repeatable levels by time:
     D:1: 184 daAuts
     D:2: 42 daAuts
